 Dungeon Crawl Stone Soup version 0.29-a0-393-g47a863cc1b (webtiles) character file.

Game seed: 15568237259995228703

177683 Gargoyl the Severer (level 18, -13/120 HPs)
             Began as a Gargoyle Berserker on May 8, 2022.
             Was a High Priest of Trog.
             Mangled by a naga ritualist
             ... wielding a +3 halberd
              (18 damage)
             ... on level 4 of the Snake Pit on May 9, 2022.
             The game lasted 00:45:54 (29670 turns).

Gargoyl the Severer (Gargoyle Berserker)           Turns: 29670, Time: 00:45:56

Health: -13/120    AC: 39    Str: 34    XL:     18   Next: 17%
Magic:  14/18      EV: 16    Int:  9    God:    Trog [*****.]
Gold:   400        SH: 12    Dex: 21    Spells: 17/17 levels left

rFire   + . .      SeeInvis +   G - +6 war axe (flame)
rCold   + + +      Faith    +   u - +3 buckler of the Catamount {rC+ rCorr}
rNeg    + . .      Spirit   .   m - +2 scale mail {rF+}
rPois   ∞          Reflect  .   c - +2 hat
rElec   +          Harm     .   C - +2 cloak {Will+}
rCorr   +          Rampage  +   l - +2 pair of gloves
Will    ++++.                   s - +2 pair of boots {rampage}
Stlth   +++++.....              o - amulet "Zishrosk" {Faith Slay+4 SInv}
HPRegen 1.30/turn               a - ring "Zaoc" {rElec rC+ Str+6}
MPRegen 0.16/turn               x - +6 ring of dexterity

@: strong-willed, on berserk cooldown, flying, regenerating, slowed, very slow
A: sickness immunity, AC +13, big wings, negative energy resistance 1,
electricity resistance, torment resistance 1, petrification resistance,
iridescent scales 1, thin skeletal structure 2, cold resistance 1, strong 1
a: Renounce Religion, Berserk, Trog's Hand, Brothers in Arms


You were on level 4 of the Snake Pit.
You worshipped Trog.
Trog was extremely pleased with you.
You visited 4 branches of the dungeon, and saw 27 of its levels.
You visited 1 bazaar.
You also visited: Sewer, Gauntlet and Ice Cave.

You collected 2313 gold pieces.
You spent 1913 gold pieces at shops.

Inventory:

Hand Weapons
 f - a +3 demon whip of freezing
 G - a +6 war axe of flaming (weapon)
 Z - a +1 antimagic broad axe
Missiles
 j - 26 poisoned darts (quivered)
 M - 7 throwing nets
Armour
 c - a +2 hat (worn)
 g - the +4 pair of boots of the True Pharaoh {rN++ Regen+ Str+3 Int+2}
   (You found it in an ice cave)

   Str:       It affects your strength (+3).
   Int:       It affects your intelligence (+2).
   rN:        It greatly protects you from negative energy.
   Regen:     It increases your rate of health regeneration.
 l - a +2 pair of gloves (worn)
 m - a +2 scale mail of fire resistance (worn)
 s - a +2 pair of boots of rampaging (worn)
 u - the +3 buckler of the Catamount (worn) {rC+ rCorr}
   (You acquired it on level 6 of the Dungeon)

   rC:        It protects you from cold.
   rCorr:     It protects you from acid and corrosion.
 w - the +2 chain mail of Freedom {Rampage rElec Str+3 Int-2}
   (You found it on level 7 of the Dungeon)

   Str:       It affects your strength (+3).
   Int:       It affects your intelligence (-2).
   rElec:     It insulates you from electricity.
   Rampage:   It bestows one free step when moving towards enemies.
 C - a +2 cloak of willpower (worn)
 X - the +8 chain mail "Zoxutounn" {-Tele rPois rC+ Int+4}
   (You found it on level 13 of the Dungeon)

   Int:       It affects your intelligence (+4).
   rC:        It protects you from cold.
   rPois:     It protects you from poison.
   -Tele:     It prevents most forms of teleportation.
Jewellery
 a - the ring "Zaoc" (left hand) {rElec rC+ Str+6}
   (You bought it in a shop in a bazaar)

   [ring of strength]

   Str:       It affects your strength (+6).
   rC:        It protects you from cold.
   rElec:     It insulates you from electricity.
 o - the amulet "Zishrosk" (around neck) {Faith Slay+4 SInv}
   (You acquired it on level 7 of the Dungeon)

   [amulet of faith]

   It allows you to gain divine favour quickly.
   Slay:      It affects your accuracy & damage with ranged weapons and melee
   (+4).
   SInv:      It lets you see invisible.
 v - a ring of protection from cold
 x - a +6 ring of dexterity (right hand)
 A - a ring of resist corrosion
 W - an amulet of the acrobat
Wands
 e - a wand of iceblast (22)
 h - a wand of digging (23)
 F - a wand of polymorph (11)
 I - a wand of flame (28)
 J - a wand of charming (3)
 O - a wand of acid (17)
 T - a wand of paralysis (15)
Scrolls
 b - 2 scrolls of magic mapping
 k - 11 scrolls of identify
 p - 9 scrolls of enchant armour
 t - 3 scrolls of silence
 B - 5 scrolls of blinking
 D - 2 scrolls of fog
 E - 9 scrolls of teleportation
 P - 6 scrolls of poison
 R - 2 scrolls of brand weapon
Potions
 d - 11 potions of curing
 i - 3 potions of berserk rage
 n - 8 potions of mutation
 q - 4 potions of haste
 r - 6 potions of magic
 z - 2 potions of might
 K - 2 potions of lignification
 L - 2 potions of ambrosia
 N - 3 potions of resistance
 S - 4 potions of cancellation
 V - 2 potions of heal wounds
 Y - 2 potions of invisibility


   Skills:
 + Level 16.1 Fighting
 + Level 7.6 Long Blades
 + Level 17.6 Axes
 + Level 1.6 Throwing
 + Level 12.4 Armour
 + Level 8.1 Dodging
 + Level 9.7 Stealth
 + Level 14.2 Shields


You had 17 spell levels left.
You didn't know any spells.
Your spell library was empty.

Dungeon Overview and Level Annotations

Branches:
Dungeon (15/15)            Temple (0/1) D:7            Lair (6/6) D:8
  Swamp (0/4) Lair:2        Snake (4/4) Lair:4        Slime (0/5) Lair:5
    Orc (2/2) D:9             Elf (0/3) Orc:2        Vaults (0/5) D:13
 Depths (0/4) D:15          Sewer (visited)           IceCv (visited)
Gauntlet (visited)

Altars:
Cheibriados
Elyvilon
Fedhas
Gozag
Kikubaaqudgha
Nemelex Xobeh
Okawaru
Ru
Sif Muna
Trog
Uskayaw
Vehumet
Wu Jian
The Shining One
Jiyva

Shops:
D:6 *   Orc:2 (((?   Snake:1 ==:


Innate Abilities, Weirdness & Mutations

You are immune to sickness and miasma.
Your stone body is resilient. (AC +13)
You are immune to poison.
Your large and strong wings let you fly.
You resist negative energy. (rN+)
You are resistant to electric shocks. (rElec)
You are resistant to unholy torment.
You are immune to petrification.
You are partially covered in iridescent scales. (AC +2)
You have a moderately thin skeletal structure. (Dex +4, Stealth++)
Your flesh is cold resistant. (rC+)
Your muscles are strong. (Str +2)


Message History

You block the naga ritualist's attack. The mana viper closely misses you.
The salamander hits you with a +0 halberd!
You are engulfed in flames.
You resist.
You slash the salamander!
The salamander is severely wounded.
You barely miss the mana viper. You slice the naga warrior!!
You burn the naga warrior.
You kill the naga warrior!
Trog accepts your kill. The mana viper bites you.
You feel your power leaking away.
The salamander hits you with a +0 halberd!!
* * * LOW HITPOINT WARNING * * *
You are engulfed in flames.
You resist.
* * * LOW HITPOINT WARNING * * *
The naga ritualist hits you but does no damage.
Your iron troll goes berserk!
The salamander hits you with a +0 halberd!!
* * * LOW HITPOINT WARNING * * *
You are engulfed in flames!
You resist.
* * * LOW HITPOINT WARNING * * *
You block the mana viper's attack. The naga ritualist spits poison at you.
The splash of poison misses you. The salamander misses you.
You block the mana viper's attack.
You hear an angry hiss.
You feel much better.
The salamander hits you with a +0 halberd.
* * * LOW HITPOINT WARNING * * *
You are engulfed in flames.
You resist.
* * * LOW HITPOINT WARNING * * *
You block the mana viper's attack.
The naga ritualist hits you from afar with a +3 halberd!
* * * LOW HITPOINT WARNING * * *
You block the salamander's attack. The mana viper misses you.
Your iron troll bites the mana viper!!!
The mana viper dies!
Trog accepts your kill.
The naga ritualist hits you from afar with a +3 halberd!!
You die...

##......# #..##.....
##.....# #...#.....
...##....######
##...####.#
....##........#
#..)....###
....##.......#
####'##....
.SSN##).)...#.......#....
#...##.)...#.......#....
#S..##))T.#.......#....
#...#@...#.......#....
#..N)#..#.......#....
##..N.#..#.......#....
#)..#....#########....
#...##...... ..
#...##........ ... .....#
........ ... .....#
........ ... ....#
####### #.


You could see a salamander (fast, strong), a naga ritualist (strong, catching
breath) and a friendly iron troll (summoned, berserk).

Vanquished Creatures
  Vashnia (Snake:2)
  Nikola (Snake:2)
  Rupert (D:14)
  Kirke (D:13)
  A nagaraja (Snake:3)
  2 azure jellies (IceCv)
  A balrug (Gauntlet)
  6 quicksilver oozes (IceCv)
  A stone giant (D:15)
  A minotaur (Gauntlet)
  Josephine (D:15)
  Harold (Lair:2)
  A salamander tyrant (Snake:4)
  7 hydras
  8 vault guards (D:13)
  3 boulder beetles (D:15)
  5 two-headed ogres
  4 anacondas
  3 tengu warriors (D:15)
  3 catoblepae
  A death knight (D:14)
  A deep troll shaman (Lair:6)
  A death scarab (Gauntlet)
  3 centaur warriors
  11 naga warriors
  Sonja (Lair:4)
  6 death yaks
  7 salamander mystics
  10 naga sharpshooters
  4 shock serpents
  2 skeletal warriors
  9 sea snakes (Snake:3)
  2 orange crystal statues (IceCv)
  2 bog bodies (Lair:2)
  7 naga ritualists
  4 orc knights
  2 deep elf pyromancers (D:14)
  6 mana vipers
  An orc sorcerer (Orc:2)
  5 manticores
  15 ugly things
  11 salamanders
  6 cyclopes
  Maurice (Orc:1)
  6 guardian serpents
  7 elephants (Lair:6)
  A torpor snail (Gauntlet)
  12 naga magi
  52 black mambas
  A molten gargoyle (Lair:6)
  14 cane toads
  An unseen horror (D:12)
  3 rime drakes
  An entropy weaver simulacrum (IceCv)
  An efreet (D:10)
  4 kobold demonologists
  2 freezing wraiths
  11 komodo dragons
  4 polar bears
  2 trolls (Orc:2)
  A hornet (D:9)
  9 blink frogs
  15 dream sheep
  24 slime creatures
  Sigmund (D:2)
  A vampire (D:13)
  9 wraiths
  2 shadows
  6 wyverns
  49 yaks
  3 hogs (D:13)
  8 basilisks
  4 fire bats (Lair:6)
  4 wargs (Orc:2)
  11 vampire mosquitoes
  A harpy simulacrum (D:13)
  28 nagas
  Edmund (D:4)
  A spectral cane toad (Gauntlet)
  20 water moccasins
  An acid dragon (D:13)
  6 demonic crawler simulacra (IceCv)
  A swamp drake (D:9)
  2 sky beasts
  33 orc warriors
  2 black bears
  5 ice beasts
  2 ugly thing simulacra (IceCv)
  10 ogres
  8 wolves
  18 centaurs
  3 phantoms
  6 kobold brigands
  2 necrophages
  12 bullfrogs
  3 gnoll sergeants
  2 scorpions
  7 wights
  6 killer bees (D:10)
  2 vampire bats (Orc:1)
  8 electric eels
  A jelly (D:5)
  A gnoll shaman (D:5)
  A hound (D:4)
  25 orc priests
  3 iguanas (D:6)
  25 orc wizards
  16 gnolls
  17 adders
  5 shadow imps
  3 white imps
  2 ufetubi (D:6)
  4 worms
  82 orcs
  10 ball pythons
  A bat zombie (D:9)
  10 endoplasms
  3 giant cockroaches
  3 goblins
  7 hobgoblins
  5 jackals (D:4)
  44 kobolds
  2 quokkas (D:2)
  22 bats
  5 frilled lizards
  6 rats
  A rat zombie (D:9)
933 creatures vanquished.

Vanquished Creatures (collateral kills)
  A rockslime (IceCv)
  A dire elephant (Lair:6)
  2 anacondas
  A naga warrior (Snake:1)
  2 death yaks (Lair:6)
  A naga sharpshooter (Snake:2)
  2 skeletal warriors (D:12)
  The ghost of flestrin the Quickloader, a novice KoHu (D:6)
  An orc knight (Orc:2)
  2 mana vipers
  A black mamba (Snake:1)
  A warg (Orc:2)
  2 nagas
  10 orc warriors (Orc:2)
  A wight (D:8)
  5 orcs
34 creatures vanquished.

Vanquished Creatures (others)
  3 black mambas (Snake:2)
  An ugly thing simulacrum (IceCv)
  An orc warrior (Orc:2)
  A centaur (Orc:2)
  An ogre (D:7)
  An orc wizard (Orc:1)
  2 bushes (Snake:1)
  27 fungi
  117 plants
  2 withered plants (Gauntlet)
156 creatures vanquished.

Grand Total: 1123 creatures vanquished

Notes
Turn   | Place    | Note
-------+----------+-------------------------------------------
     0 | D:1      | Gargoyl the Gargoyle Berserker began the quest for the Orb.
     0 | D:1      | Reached XP level 1. HP: 14/14 MP: 1/1
   318 | D:1      | Reached XP level 2. HP: 18/19 MP: 2/2
   500 | D:1      | Reached skill level 3 in Axes
   546 | D:1      | Found a faded altar of an unknown god.
   900 | D:2      | Found a radiant altar of Vehumet.
   968 | D:2      | Reached XP level 3. HP: 20/24 MP: 3/3
  1080 | D:2      | Noticed Sigmund
  1086 | D:2      | Reached ** piety under Trog
  1099 | D:2      | Killed Sigmund
  1100 | D:2      | Reached skill level 1 in Long Blades
  1100 | D:2      | Reached XP level 4. HP: 25/29 MP: 4/4
  1100 | D:2      | Reached XP level 5. HP: 28/33 MP: 5/5
  1675 | D:2      | Reached XP level 6. HP: 33/39 MP: 6/6
  1822 | D:3      | Gained mutation: You have a somewhat thin skeletal
                  | structure. (Dex +2, Stealth+) [potion of mutation]
  1822 | D:3      | Gained mutation: You have hidden genetic potential. [potion
                  | of mutation]
  1822 | D:3      | Gained mutation: You have a moderately thin skeletal
                  | structure. (Dex +4, Stealth++) [potion of mutation]
  1989 | D:3      | Found a hide-covered altar of Uskayaw.
  2243 | D:3      | Found a bloodstained altar of Trog.
  2244 | D:3      | Found a glowing golden altar of the Shining One.
  2245 | D:3      | Found an iron altar of Okawaru.
  2246 | D:3      | Found a white marble altar of Elyvilon.
  2277 | D:3      | Found a sacrificial altar of Ru.
  2679 | D:4      | Noticed Edmund
  2690 | D:4      | Killed Edmund
  2691 | D:4      | Reached XP level 7. HP: 44/44 MP: 7/7
  2707 | D:4      | Gained mutation: You have great hidden genetic potential.
                  | [hidden potential]
  3269 | D:4      | Found a sparkling altar of Nemelex Xobeh.
  3399 | D:4      | Found a blossoming altar of Fedhas.
  3429 | D:4      | Found a shimmering blue altar of Sif Muna.
  3485 | D:4      | Reached skill level 5 in Long Blades
  3485 | D:4      | Reached skill level 1 in Stealth
  3703 | D:4      | Reached XP level 8. HP: 48/48 MP: 8/8
  3744 | D:4      | Reached *** piety under Trog
  3866 | D:5      | Entered Level 5 of the Dungeon
  3983 | D:5      | Reached skill level 5 in Fighting
  3993 | D:5      | Gained mutation: Your muscles are strong. (Str +2) [hidden
                  | potential]
  3993 | D:5      | Lost mutation: You have great hidden genetic potential.
                  | [hidden potential expressed]
  4297 | D:5      | Found a glowing drain.
  4311 | Sewer    | Entered a sewer
  4994 | D:5      | Found an ornate altar of the Wu Jian Council.
  5065 | D:5      | Reached skill level 4 in Axes
  5470 | D:6      | Reached skill level 5 in Armour
  5470 | D:6      | Reached XP level 9. HP: 55/55 MP: 9/9
  5470 | D:6      | Identified a scroll of acquirement
  5470 | D:6      | Acquired the +3 buckler of the Catamount {rC+ rCorr}
  5497 | D:6      | Reached **** piety under Trog
  5500 | D:6      | Gained mutation: You are partially covered in iridescent
                  | scales. (AC +2) [hidden potential]
  5552 | D:6      | Found an opulent altar of Gozag.
  5554 | D:6      | Found Gozag's Platinum Reserve.
  5588 | D:6      | Reached skill level 5 in Axes
  5711 | D:6      | Reached skill level 1 in Shields
  5925 | D:6      | Found a large runed translucent door.
  5925 | D:6      | Found a large runed translucent door.
  5930 | D:6      | Noticed flestrin's ghost (novice KoHu)
  6145 | D:6      | Killed flestrin's ghost
  6146 | D:6      | Reached skill level 6 in Axes
  6369 | D:6      | Reached XP level 10. HP: 48/61 MP: 10/10
  6549 | D:7      | Gained mutation: Your flesh is cold resistant. (rC+)
                  | [hidden potential]
  6549 | D:7      | Lost mutation: You have hidden genetic potential. [hidden
                  | potential expressed]
  6587 | D:7      | Acquired the amulet "Zishrosk" {Faith Slay+4 SInv}
  6758 | D:7      | Identified the +2 chain mail of Freedom {Rampage rElec
                  | Str+3 Int-2}
  6807 | D:7      | Reached skill level 7 in Axes
  7029 | D:7      | Noticed a brown ugly thing
  7044 | D:7      | Killed a brown ugly thing
  7209 | D:7      | Found a staircase to the Ecumenical Temple.
  7415 | D:8      | Found a staircase to the Lair.
  7779 | D:8      | Reached skill level 5 in Shields
  7942 | D:9      | Found an ancient bone altar of Kikubaaqudgha.
  8325 | D:9      | Reached XP level 11. HP: 67/67 MP: 11/11
  8574 | D:9      | Found a snail-covered altar of Cheibriados.
  8755 | D:9      | Reached skill level 8 in Axes
  8764 | D:9      | Reached ***** piety under Trog
  8800 | D:9      | Found a staircase to the Orcish Mines.
  9091 | Lair:1   | Entered Level 1 of the Lair of Beasts
  9123 | Lair:1   | Found a gate leading to a gauntlet.
  9132 | Gauntlet | Entered a Gauntlet
  9132 | Gauntlet | Found a transporter.
  9132 | Gauntlet | Found a transporter.
  9137 | Gauntlet | Noticed a sixfirhy
  9190 | Gauntlet | Found a transporter.
  9190 | Gauntlet | Noticed a death scarab
  9191 | Gauntlet | Found a transporter.
  9200 | Gauntlet | Found a transporter.
  9206 | Gauntlet | Noticed a moth of wrath
  9210 | Gauntlet | Found a transporter.
  9210 | Gauntlet | Found a transporter.
  9212 | Gauntlet | Found a transporter.
  9215 | Gauntlet | Noticed a wolf spider
  9231 | Gauntlet | Noticed a death yak
  9262 | Gauntlet | Found a transporter.
  9272 | Gauntlet | Killed a death scarab
  9412 | Gauntlet | Found a transporter.
  9416 | Gauntlet | Noticed a balrug
  9436 | Gauntlet | Found a transporter.
  9447 | Gauntlet | HP: 1/102 [balrug/+2 demon whip of venom (11)]
  9448 | Gauntlet | Killed a balrug
  9449 | Gauntlet | Reached skill level 9 in Axes
  9662 | Gauntlet | Noticed a death yak
  9663 | Gauntlet | Noticed a death yak
  9685 | Gauntlet | Found a transporter.
  9701 | Gauntlet | Killed a death yak
  9708 | Gauntlet | Killed a death yak
  9720 | Gauntlet | Killed a death yak
  9836 | Gauntlet | Noticed a minotaur
  9843 | Gauntlet | Killed a minotaur
  9844 | Gauntlet | Reached XP level 12. HP: 75/75 MP: 12/12
 10066 | Lair:1   | Reached skill level 10 in Axes
 10343 | Lair:1   | Noticed a seven-headed hydra
 10353 | Lair:1   | Killed a one-headed hydra
 11051 | Lair:2   | Found a staircase to the Swamp.
 11064 | Lair:2   | Reached skill level 5 in Dodging
 11214 | Lair:2   | Noticed Harold
 11221 | Lair:2   | Killed Harold
 11222 | Lair:2   | Reached skill level 11 in Axes
 11222 | Lair:2   | Reached skill level 5 in Stealth
 11684 | Lair:3   | Noticed a six-headed hydra
 11690 | Lair:3   | Killed a three-headed hydra
 11766 | Lair:3   | Reached XP level 13. HP: 26/80 MP: 13/13
 12048 | Lair:3   | Reached skill level 12 in Axes
 12855 | Lair:4   | Found a staircase to the Snake Pit.
 13208 | Lair:4   | Reached skill level 10 in Fighting
 13254 | Lair:4   | Noticed Sonja
 13266 | Lair:4   | Killed Sonja
 13514 | Lair:4   | Reached skill level 13 in Axes
 14286 | Lair:5   | Found a staircase to the Slime Pits.
 14287 | Lair:5   | Found a viscous altar of Jiyva.
 14599 | Lair:6   | Entered Level 6 of the Lair of Beasts
 14788 | Lair:6   | Received a gift from Trog
 14838 | Lair:6   | Gained mutation: Your large and strong wings let you fly.
                  | [Gargoyle growth]
 14838 | Lair:6   | Reached XP level 14. HP: 88/88 MP: 14/14
 15122 | Lair:6   | Reached skill level 14 in Axes
 15319 | Lair:6   | Received a gift from Trog
 15531 | Lair:6   | Reached skill level 10 in Shields
 15660 | Lair:6   | Reached skill level 10 in Armour
 15667 | Lair:6   | Noticed a dire elephant
 15680 | Lair:6   | Killed a dire elephant
 16197 | D:10     | Entered Level 10 of the Dungeon
 17320 | D:11     | You are sucked into a shaft and drop 2 floors!
 17817 | D:12     | Reached XP level 15. HP: 91/96 MP: 15/15
 17885 | D:12     | Reached skill level 15 in Axes
 18266 | D:13     | Identified the +8 chain mail "Zoxutounn" {-Tele rPois rC+
                  | Int+4}
 18349 | D:13     | Noticed Kirke
 18361 | D:13     | Killed Kirke
 18459 | D:13     | Found a gate to the Vaults.
 18672 | D:13     | Identified the +1 robe "Maffuocy" {rN+ Will+++ Int-5
                  | Stlth+}
 19521 | D:14     | Noticed Rupert
 19534 | D:14     | Killed Rupert
 20075 | D:15     | Entered Level 15 of the Dungeon
 20250 | D:15     | Noticed Josephine
 20265 | D:15     | Killed Josephine
 20416 | D:15     | Received a gift from Trog
 20431 | D:15     | Reached skill level 16 in Axes
 20705 | D:15     | Reached XP level 16. HP: 32/104 MP: 16/16
 21208 | D:15     | Found a staircase to the Depths.
 21635 | Orc:1    | Entered Level 1 of the Orcish Mines
 22049 | Orc:1    | Noticed Maurice
 22058 | Orc:1    | Killed Maurice
 22161 | Orc:2    | Entered Level 2 of the Orcish Mines
 22617 | Orc:2    | Reached ****** piety under Trog
 22630 | Orc:2    | Reached skill level 1 in Throwing
 22647 | Orc:2    | Found Vicwanao's Antique Weapon Emporium.
 22647 | Orc:2    | Found Gubol's Weapon Shop.
 22649 | Orc:2    | Found Asaminna's Magic Scroll Boutique.
 22651 | Orc:2    | Found Bivvicat's Antique Weapon Shoppe.
 22736 | Orc:2    | Received a gift from Trog
 22896 | Orc:2    | Bought a scroll of teleportation for 54 gold pieces
 22896 | Orc:2    | Bought a scroll of teleportation for 54 gold pieces
 22896 | Orc:2    | Bought a scroll of enchant weapon for 135 gold pieces
 22896 | Orc:2    | Bought a scroll of blinking for 135 gold pieces
 22896 | Orc:2    | Bought a scroll of enchant armour for 135 gold pieces
 23140 | Orc:2    | Found a staircase to the Elven Halls.
 23377 | D:9      | Upgraded the game from 0.29-a0-389-gd8082fcd2d to
                  | 0.29-a0-393-g47a863cc1b
 23558 | Snake:1  | Entered Level 1 of the Snake Pit
 23587 | Snake:1  | Found a flickering gateway to a bazaar.
 23703 | Bazaar   | Entered a bazaar
 23703 | Bazaar   | Found Esty's General Store.
 23723 | Bazaar   | Found Papahid's Antique Weapon Shoppe.
 23731 | Bazaar   | Found Jithic's Antique Armour Shoppe.
 23754 | Bazaar   | Found Kesateru's Distillery.
 23754 | Bazaar   | Found Xeneacio's Jewellery Emporium.
 23762 | Bazaar   | Bought a potion of cancellation for 128 gold pieces
 23770 | Bazaar   | Bought the ring "Zaoc" {rElec rC+ Str+6} for 1272 gold
                  | pieces
 23908 | Snake:1  | Found a frozen archway.
 23924 | IceCv    | Entered an ice cave
 23997 | IceCv    | Noticed an azure jelly
 25509 | IceCv    | Noticed an azure jelly
 25510 | IceCv    | Found a viscous altar of Jiyva.
 25510 | IceCv    | Noticed an azure jelly
 25512 | IceCv    | Noticed a rockslime
 25534 | IceCv    | Killed an azure jelly
 25708 | IceCv    | Killed an azure jelly
 25745 | IceCv    | Killed a rockslime
 25774 | IceCv    | Identified the +4 pair of boots of the True Pharaoh {rN++
                  | Regen+ Str+3 Int+2}
 26183 | Snake:1  | Reached XP level 17. HP: 112/112 MP: 17/17
 26480 | Snake:1  | Found Cinacw's Book Boutique.
 26480 | Snake:1  | Found Borin's Jewellery Emporium.
 26481 | Snake:1  | Found Osyqoor's Jewellery Emporium.
 26623 | Snake:2  | Noticed Vashnia
 26665 | Snake:2  | Noticed Nikola
 26682 | Snake:2  | Killed Nikola
 26690 | Snake:2  | Reached skill level 17 in Axes
 26894 | Snake:2  | Killed Vashnia
 27568 | Snake:3  | Reached skill level 15 in Fighting
 28307 | Snake:3  | Identified the +1 whip of Fedhas, Brewing {spect, Will+}
 28971 | Snake:4  | Entered Level 4 of the Snake Pit
 29200 | Snake:4  | Reached XP level 18. HP: 107/120 MP: 18/18
 29670 | Snake:4  | HP: 5/120 [naga ritualist/+3 halberd (15)]
 29670 | Snake:4  | Mangled by a naga ritualist

Illustrated notes

Levels and vault maps discovered:
D:1:      minmay_arrival_widening_spiral_wide, layout_loops_ring,
          shapermc_ecumenical_altar_venn
D:2:      layout_basic, basic_altar, uniq_sigmund
D:3:      layout_basic, nicolae_ru_path_of_blood,
          chequers_temple_overflow_statue_of_worship,
          nicolae_uskayaw_dance_hall, amcnicky_mini_pool_small
D:4:      layout_layer_cave, nicolae_overflow_crystal_walls,
          mainiacjoe_overflow_two_lobes, grunt_ministairs_8, uniq_edmund
D:5:      layout_cave_pods, mainiacjoe_overflow_cross_hatched,
          portal_sewer_entry_d
D:6:      layout_rooms, nicolae_gozag_zags_fifth_avenue,
          ebering_ghost_disaster_area
D:7:      layout_rooms, minmay_temple_entry_poolview
D:8:      layout_basic, lair_entry_dummy
D:9:      layout_roguey, lemuel_zombie_altar_kikubaaqudgha,
          cheibrodos_worm_habitat, erik_orc_1
D:10:     hangedman_cross_stitches, layout_grid_maze
D:11:     layout_basic
D:12:     layout_roguey
D:13:     layout_stronghold, erik_vaults_2, uniq_kirke
D:14:     layout_stronghold, serial_column_ruins, column_ruins_hut_pillars,
          column_ruins_open_tiny, column_ruins_open_tiny,
          column_ruins_open_small, column_ruins_open_large, column_ruins_grid_3,
          column_ruins_open_medium_water, column_ruins_grid_3, uniq_rupert
D:15:     grunt_enter_depths_snipers, layout_irregular_city, uniq_josephine
Lair:1:   layout_chaotic_city, gauntlet_entry_generic, nicolae_lair_lil_pond
Lair:2:   layout_regular_city, skrybe_swamp_entry_bodies, serial_bayou_shore_a,
          grunt_megastairs_3, uniq_harold
Lair:3:   layout_chaotic_city
Lair:4:   minmay_lair_venomous_thicket, layout_concentric_octagons,
          minmay_snake_entry_six_corridors, uniq_sonja
Lair:5:   layout_small_grid, slime_altar_1
Lair:6:   grunt_lair_end_beastmaster, layout_gridlike, st_stairs_5,
          serial_bayou_ford_a, nicolae_lair_grove_arrangements
Snake:1:  layout_onion_interference, serial_shops, bzr_entry_lakeside,
          portal_ice_cave_entry_pillars_2, special_room, grunt_megastairs_1,
          serial_bayou_shore_b, minmay_shop_grove
Snake:2:  layout_onion_interference, nicolae_fountain_basement, uniq_vashnia,
          uniq_nikola
Snake:3:  layout_cave_town, serial_bayou, serial_bayou_crossing,
          serial_bayou_pond_b, serial_bayou_pond_d, serial_bayou_lake_a
Snake:4:  johnstein_snake_rune_scales, layout_cave_town
Orc:1:    layout_diamond_mine, serial_shops, shop, roderic_batcave,
          hellmonk_guarded_unrand_dark_maul, uniq_maurice
Orc:2:    st_orc_rangers, layout_diamond_mine

Skill      XL: |  1  2  3  4  5  6  7  8  9 10 11 12 13 14 15 16 17 18 |
---------------+-------------------------------------------------------+-----
Axes           | 3 4 6 7 9 11 13 14 16 17 | 17.6
Fighting       | 4 5 6 7 8 9 10 11 13 14 15 16 | 16.1
Long Blades    | 1 2 3 5 6 7 |  7.6
Dodging        | 2 3 4 5 6 7 8 |  8.1
Armour         | 3 4 5 6 7 8 9 10 11 12 | 12.4
Stealth        | 1 2 3 5 6 7 9 |  9.7
Shields        | 2 5 7 8 9 10 11 12 14 | 14.2
Throwing       | 1 |  1.6

Action                   |  1- 3 |  4- 6 |  7- 9 | 10-12 | 13-15 | 16-18 || total
-------------------------+-------+-------+-------+-------+-------+-------++-------
Melee: Hand axe          |    47 |       |   231 |   147 |       |       ||   425
       Falchion          |    32 |   114 |   198 |   120 |       |       ||   464
       Punch             |     1 |       |     8 |       |       |       ||     9
       War axe           |       |       |       |   178 |   723 |   748 ||  1649
Throw: Dart              |       |       |     3 |     1 |     3 |     6 ||    13
Invok: Berserk           |     1 |     3 |     2 |     9 |     8 |    14 ||    37
       Trog's Hand       |     1 |     1 |     4 |    10 |     7 |    26 ||    49
       Brothers in Arms  |       |       |     1 |     3 |     3 |     8 ||    15
Evoke: Wand              |       |       |       |     1 |       |       ||     1
  Use: Scroll            |     4 |     4 |    13 |    11 |     6 |     3 ||    41
       Potion            |       |     3 |       |       |     1 |     2 ||     6
 Stab: Sleeping          |       |       |    10 |     7 |    24 |    18 ||    59
       Distracted        |       |       |       |       |       |     2 ||     2
Armor: Animal skin       |     7 |       |       |       |       |       ||     7
       Ring mail         |    47 |    10 |       |       |       |       ||    57
       Chain mail        |       |    96 |       |   138 |       |       ||   234
       Scale mail        |       |       |   295 |   125 |   351 |   415 ||  1186
Dodge: Dodged            |    68 |    57 |   284 |   218 |   412 |   481 ||  1520
Block: Buckler           |       |       |    60 |   231 |   370 |   486 ||  1147

Table legend: (Time is in decaauts)
 A = Elapsed time spent in this place.
 B = Non-inter-level travel time spent in this place.
 C = Inter-level travel time spent in this place.
 D = Time resting spent in this place.
 E = Time spent auto-exploring this place.
 F = Levels seen in this place.
 G = Mean time per level.
                   A        B        C        D        E       F      G
               +--------+--------+--------+--------+--------+-----+--------+
         Total |  29786 |  28491 |   1295 |   3036 |  18415 |  31 |  960.8 |
       Dungeon |  14274 |  13501 |    773 |    795 |   9501 |  15 |  951.6 |
          Lair |   6460 |   6091 |    369 |    212 |   4520 |   6 | 1076.7 |
     Snake Pit |   3783 |   3696 |     87 |    182 |   2523 |   4 |  945.8 |
  Orcish Mines |   1720 |   1654 |     66 |     25 |   1132 |   2 |  860.0 |
        Bazaar |    123 |    123 |      0 |      0 |     70 |   1 |  123.0 |
         Sewer |    574 |    574 |      0 |      0 |    375 |   1 |  574.0 |
      Ice Cave |   2066 |   2066 |      0 |   1389 |    275 |   1 | 2066.0 |
      Gauntlet |    782 |    782 |      0 |    432 |     16 |   1 |  782.0 |
               +--------+--------+--------+--------+--------+-----+--------+

Top non-repeatable levels by time:
   IceCv: 2066 daAuts
 Snake:3: 1388 daAuts
    D:15: 1350 daAuts
     D:9: 1302 daAuts
  Lair:6: 1268 daAuts
     D:4: 1226 daAuts
  Lair:4: 1192 daAuts
    D:14: 1149 daAuts
   Orc:2: 1137 daAuts
  Lair:3: 1125 daAuts
     D:5: 1062 daAuts
     D:6: 1060 daAuts
  Lair:1: 1012 daAuts
 Snake:2: 992 daAuts
    D:10: 990 daAuts
